 Dungeon Crawl Stone Soup version 0.27.1-3-gb3d3a73c9e (webtiles) character file.

Game seed: 17025438164681833772

84 Asher535 the Chopper (level 4, -3/40 HPs)
             Began as a Hill Orc Monk on Oct 27, 2021.
             Was a Believer of Okawaru.
             Slain by Grinder (6 damage)
             ... on level 4 of the Dungeon.
             The game lasted 00:14:20 (4542 turns).

Asher535 the Chopper (Hill Orc Monk)                Turns: 4542, Time: 00:14:21

Health: -3/40      AC:  8    Str: 14    XL:     4   Next: 46%
Magic:  5/5        EV:  6    Int: 10    God:    Okawaru [**....]
Gold:   157        SH:  0    Dex: 13    Spells: 3/3 levels left

rFire    . . .     SeeInvis .   a - +0 hand axe
rCold    . . .     Faith    .   (no shield)
rNeg     + . .     Spirit   .   u - +0 chain mail
rPois    .         Reflect  .   (no helmet)
rElec    .         Harm     .   (no cloak)
rCorr    .         Rampage  .   (no gloves)
Will     .....                  (no boots)
Stlth    ..........             (no amulet)
HPRegen  0.13/turn              s - ring of flight
MPRegen  0.09/turn              f - ring of positive energy

@: flying
A: no striking features
a: Renounce Religion, Heroism


You were on level 4 of the Dungeon.
You worshipped Okawaru.
Okawaru was pleased with you.
You visited 1 branch of the dungeon, and saw 4 of its levels.

You collected 157 gold pieces.

Inventory:

Hand Weapons
 a - a +0 hand axe (weapon)
 c - a +0 hunting sling
Missiles
 d - 107 stones (quivered)
 j - 15 arrows
 r - 7 sling bullets
Armour
 b - a +0 robe
 k - a +0 leather armour
 n - a +0 ring mail
 u - a +0 chain mail (worn)
 x - a +0 chain mail
Magical Staves
 v - a staff of fire
Jewellery
 e - a ring of protection from cold
 f - a ring of positive energy (right hand)
 s - a ring of flight (left hand)
Scrolls
 i - a scroll of amnesia
 p - a scroll of enchant weapon {unknown}
 q - a scroll of blinking {unknown}
 t - 2 scrolls of holy word {unknown}
 w - a scroll of vulnerability {unknown}
Potions
 g - a potion of curing
 h - a potion of attraction {unknown}
 m - 2 potions of flight
 o - a potion of resistance {unknown}


   Skills:
 + Level 4.2 Fighting
 + Level 5.3 Axes
 + Level 1.2 Armour
 - Level 2.6 Dodging
 - Level 1.7 Stealth
 * Level 1.6 Invocations


You had 3 spell levels left.
You didn't know any spells.
Your spell library was empty.

Dungeon Overview and Level Annotations

Branches:
Dungeon (4/15)
 Temple: D:4-7

Altars:
Dithmenos
Elyvilon
Okawaru
Uskayaw

Annotations:
D:4 Grinder


Message History

You hit Grinder.
Grinder is severely wounded.
Grinder hits you but does no damage.
You barely miss Grinder.
Grinder is severely wounded.
Grinder zaps a wand.
The puff of flame hits you!
Your chain mail prevents you from hitting Grinder.
Grinder is severely wounded.
Grinder gestures at you.
You suddenly lose the ability to move!
Grinder gestures at you. Pain shoots through your body!
Grinder gestures at you.
You shrug off the repeated paralysis!
Grinder hits you but does no damage.
You can move again.
Your chain mail prevents you from hitting Grinder.
Grinder is severely wounded.
Grinder hits you but does no damage.
You completely miss Grinder.
Grinder is severely wounded.
Grinder hits you.
* * * LOW HITPOINT WARNING * * *
You writhe in agony.
* * * LOW HITPOINT WARNING * * *
Grinder gestures at you. Pain shoots through your body!
* * * LOW HITPOINT WARNING * * *
You barely miss Grinder.
Grinder is severely wounded.
Grinder gestures at you.
You shrug off the repeated paralysis!
You closely miss Grinder.
Grinder is severely wounded.
Grinder zaps a wand.
The puff of flame hits you.
* * * LOW HITPOINT WARNING * * *
Grinder says, "There's only one good use for a tongue: cutting it out."
There is a stone staircase leading up here.
Grinder hits you.
You die...

###################
#.@5.....<....#....
#.............'....
#.............#....
+.............#....
##............#....
#............#....
#.....#.#.#..##...
...............##...
.........#.#.#.......


You could see Grinder.

Vanquished Creatures
  3 adders
  2 worms (D:3)
  A dart slug (D:3)
  4 ball pythons
  9 endoplasms
  A giant cockroach (D:3)
  8 goblins
  2 hobgoblins (D:3)
  5 kobolds
  2 quokkas (D:3)
  3 bats
  4 frilled lizards
  4 rats
48 creatures vanquished.

Notes
Turn   | Place    | Note
-------+----------+-------------------------------------------
     0 | D:1      | Asher535 the Hill Orc Monk began the quest for the Orb.
     0 | D:1      | Reached XP level 1. HP: 19/19 MP: 1/1
   402 | D:1      | Reached XP level 2. HP: 25/27 MP: 2/2
   603 | D:1      | Found a faded altar of an unknown god.
   611 | D:1      | Became a worshipper of Warmaster Okawaru
   611 | D:1      | Reached * piety under Okawaru
   611 | D:1      | Reached ** piety under Okawaru
  1437 | D:2      | Reached XP level 3. HP: 33/33 MP: 3/3
  1461 | D:2      | Found a white marble altar of Elyvilon.
  1545 | D:2      | Reached skill level 5 in Axes
  2155 | D:2      | Reached skill level 1 in Invocations
  2417 | D:3      | Found a shadowy altar of Dithmenos.
  2525 | D:3      | Reached XP level 4. HP: 40/40 MP: 4/4
  2712 | D:3      | Reached skill level 1 in Armour
  3180 | D:3      | Found a hide-covered altar of Uskayaw.
  4219 | D:4      | Noticed Grinder
  4254 | D:4      | Paralysed by Grinder for 4 turns
  4532 | D:4      | Paralysed by Grinder for 4 turns
  4539 | D:4      | HP: 2/40 [Grinder/puff of flame (4)]
  4542 | D:4      | Slain by Grinder

Illustrated notes

Levels and vault maps discovered:
D:1:      erik_arrival_orb_chamber, layout_loops_corners,
          dreamdust_ecumenical_altar_angels_and_demons,
          hangedman_abyss_or_decor_stabs, minmay_pentomino_q2
D:2:      layout_basic, basic_altar, hex_tiny
D:3:      layout_loops_corners, nicolae_uskayaw_suspiria,
          nicolae_dithmenos_through_a_glass_darkly
D:4:      layout_gridville, overflow_temple_1_default, serial_glass,
          glass_columns_c, glass_columns_b, glass_columns_a, glass_columns_b,
          glass_columns_c, glass_columns_c, gup_sewer_entry_bubbles,
          uniq_grinder

Skill      XL: |  1  2  3  4 |
---------------+-------------+-----
Fighting       | 4 |  4.2
Axes           | 5 |  5.3
Invocations    | 1 |  1.6
Armour         | 1 |  1.2
Dodging        | |  2.6
Stealth        | |  1.7

Action                   |  1- 3 |  4- 6 || total
-------------------------+-------+-------++-------
Melee: Hand axe          |   117 |    84 ||   201
       Punch             |       |     1 ||     1
Invok: Heroism           |       |     2 ||     2
  Use: Scroll            |     1 |     1 ||     2
       Potion            |       |     2 ||     2
 Stab: Sleeping          |     2 |       ||     2
Armor: Robe              |    13 |       ||    13
       Ring mail         |    20 |     3 ||    23
       Leather armour    |     1 |       ||     1
       Chain mail        |       |    19 ||    19
Dodge: Dodged            |    76 |    18 ||    94
